AoeStats
← YO HOKAGE

Arabia

510207636Analyzed
1v1 RM · 2d ago on Sep 29, 2026· 29m 55s· 2 players
Game mode
Random Map
Map size
Tiny (2 player)
Population
200
Speed
Normal
Resources
Standard
Victory
Conquest
Starting age
Dark Age
Ending age
Imperial Age
RankedLock teamsTeams togetherTeam positionsShared explorationLock speedFull tech treeHidden civsTurbo modeCheats
Victory
Defeat
🇵🇪 Italians · Peru
1183
+14
🇨🇴 Khitans · Colombia
1144
-14
YO HOKAGE
7:13 Loom
9:15 Feudal Age
10:15 Double-Bit Axe
16:59 Horse Collar
21:45 Castle Age
20:00 Stone Mining
20:03 Gold Mining
20:11 Fletching
22:06 Padded Archer Armor
22:24 Scale Barding Armor
26:10 Bodkin Arrow
26:52 Ballistics
(COLG) LORD PETROVSKY
6:18 Loom
9:07 Feudal Age
11:30 Double-Bit Axe
21:46 Castle Age
19:34 Town Watch
21:31 Scale Barding Armor
21:38 Forging
23:12 Husbandry
27:22 Chain Barding Armor
30:05 Iron Casting
Connection lost

Rejoining the realm…

Still unreachable

The connection could not be restored.

Session expired

The server has moved on; the page needs a fresh start.